 Dungeon Crawl Stone Soup version 0.29.1-13-g9f3cf754e1 (webtiles) character file.

Game seed: 9653284121840096077

3771 hbarley the Cleaver (level 10, -4/86 HPs)
             Began as a Hill Orc Fighter on Feb 2, 2023.
             Was a Believer of Uskayaw.
             Slain by a two-headed ogre
             ... wielding a +0 giant spiked club
              (5 damage)
             ... on level 7 of the Dungeon.
             The game lasted 00:20:40 (8574 turns).

hbarley the Cleaver (Hill Orc Fighter)              Turns: 8574, Time: 00:20:41

Health: -4/86      AC: 12    Str: 22    XL:     10   Next: 16%
Magic:  10/10      EV: 10    Int:  8    God:    Uskayaw [**....]
Gold:   421        SH:  5    Dex: 12    Spells: 9/9 levels left

rFire   . . .      SeeInvis .   I - +0 hand axe (flame)
rCold   . . .      Faith    .   c - +0 buckler
rNeg    . . .      Spirit   .   b - +0 scale mail
rPois   .          Reflect  .   l - +0 helmet
rElec   .          Harm     .   x - +0 cloak {Will+}
rCorr   .          Rampage  .   f - +0 pair of gloves
Will    +....                   (no boots)
Stlth   +.........              (no amulet)
HPRegen 0.24/turn               s - +4 ring of slaying
MPRegen 0.12/turn               (no ring)

@: no status effects
A: no striking features
a: Renounce Religion, Stomp, Line Pass


You were on level 7 of the Dungeon.
You worshipped Uskayaw.
Uskayaw was noncommittal.
You visited 2 branches of the dungeon, and saw 9 of its levels.

You collected 447 gold pieces.
You spent 26 gold pieces at shops.

Inventory:

Hand Weapons
 a - a +0 war axe
 I - a +0 hand axe of flaming (weapon)
Missiles
 g - 3 datura-tipped darts (quivered)
 D - 6 poisoned darts
Armour
 b - a +0 scale mail (worn)
 c - a +0 buckler (worn)
 f - a +0 pair of gloves (worn)
 l - a +0 helmet (worn)
 o - a +0 pair of gloves
 x - a +0 cloak of willpower (worn)
Jewellery
 s - a +4 ring of slaying (left hand)
Wands
 r - a wand of iceblast (12)
 v - a wand of paralysis (7)
 G - a wand of light (1)
Scrolls
 h - 3 scrolls of identify
 i - a scroll of amnesia {unknown}
 j - 2 scrolls of blinking {unknown}
 k - 3 scrolls of vulnerability
 n - a scroll of summoning {unknown}
 p - 7 scrolls of teleportation
 u - a scroll of magic mapping {unknown}
 y - 2 scrolls of poison {unknown}
 z - 2 scrolls of enchant armour {unknown}
 A - 2 scrolls of fog {unknown}
 C - 2 scrolls of noise {unknown}
 E - 2 scrolls of enchant weapon {unknown}
Potions
 d - 2 potions of might
 e - a potion of brilliance {unknown}
 m - a potion of degeneration {unknown}
 q - a potion of heal wounds {unknown}
 t - 2 potions of attraction
 w - 2 potions of haste {unknown}
 B - 2 potions of lignification {unknown}
 F - a potion of flight {unknown}
 H - 2 potions of cancellation {unknown}


   Skills:
 + Level 7.4 Fighting
 + Level 11.5 Axes
 + Level 7.9 Armour
 + Level 2.7 Dodging
 + Level 4.4 Stealth
 + Level 5.6 Shields
 + Level 0.3 Evocations


You had 9 spell levels left.
You didn't know any spells.
Your spell library contained the following spells:

 Spells                   Type           Power      Damage    Failure   Level
 Beastly Appendage        Tmut           0%         N/A       78%         1
 Magic Dart               Conj           0%         1d3       78%         1
 Call Imp                 Summ           0%         N/A       89%         2
 Scorch                   Fire           0%         2d5       89%         2
 Wereblood                Tmut           0%         N/A       89%         2
 Mephitic Cloud           Conj/Pois/Air  0%         N/A       98%         3
 Spider Form              Tmut/Pois      0%         N/A       98%         3
 Anguish                  Hex/Necr       0%         N/A       100%        4
 Flame Wave               Conj/Fire      0%         2d4       100%        4
 Summon Forest            Summ/Tloc      0%         N/A       100%        5
 Eringya's Noxious Bog    Tmut/Pois      0%         N/A       100%        6
 Summon Cactus Giant      Summ           0%         N/A       100%        6
 Enfeeble                 Hex            0%         N/A       100%        7
 Summon Hydra             Summ           0%         N/A       100%        7


Dungeon Overview and Level Annotations

Branches:
Dungeon (8/15)             Temple (1/1) D:4
   Lair: D:8-11

Altars:
Ashenzari
Cheibriados
Elyvilon
Gozag
Hepliaklqana
Kikubaaqudgha
Makhleb
Okawaru
Qazlal
Ru
Sif Muna
Trog
Uskayaw
Vehumet
Wu Jian
Zin
The Shining One

Shops:
D:1 ?


Message History

You kill the kobold brigand!
Things that are here:
a +0 club; a curare-tipped dart You start resting.
HP restored.
There is a stone staircase leading down here.
You can't go up here!
You climb downwards.
The kobold hits you but does no damage. The two-headed ogre barely misses you.
You block the two-headed ogre's attack. The kobold barely misses you.
There is a stone staircase leading up here.
The two-headed ogre hits you with a +0 giant spiked club!!
The two-headed ogre hits you with a +0 dire flail!
The kobold hits you but does no damage.
You climb upwards.
There is a stone staircase leading down here.
You hit the two-headed ogre. You burn the two-headed ogre.
The two-headed ogre is lightly wounded.
You hit the kobold. You burn the kobold.
You kill the kobold!
You barely miss the two-headed ogre.
The two-headed ogre is lightly wounded.
The two-headed ogre hits you with a +0 giant spiked club!
The two-headed ogre hits you with a +0 dire flail!
* * * LOW HITPOINT WARNING * * *
You hit the two-headed ogre but do no damage.
The two-headed ogre is lightly wounded.
You hit the two-headed ogre. You burn the two-headed ogre.
The two-headed ogre is moderately wounded.
The two-headed ogre barely misses you.
The two-headed ogre hits you but does no damage.
You can now pass through a line of other dancers.
You slash the two-headed ogre! You burn the two-headed ogre.
The two-headed ogre is heavily wounded.
You barely miss the two-headed ogre.
The two-headed ogre is heavily wounded.
The two-headed ogre hits you with a +0 giant spiked club!!
* * * LOW HITPOINT WARNING * * *
The two-headed ogre hits you with a +0 dire flail.
You die...

#....###....##...#.............
#.'#######)......#.............
#.#...#..)#......'.............
#.#...#)..#......#.............
#####.......####...#.............
...####._.###.##...#.........####
....#.......#......#.........#...
#...#..)#...#..((..#.........#...
#.#.#...#...#...@O.#.........#...
#.#.'#######+..†().#.........#...
.)#................#.........#...
#.#................#.........#...
#..................#.........#...
###.###.##...###..##.........#.##
#.....#.##...###..#........###.##
#.....#...........#........#.....
..................#........'.....


You could see a two-headed ogre.

Vanquished Creatures
  2 water moccasins (D:7)
  2 ice beasts
  3 black bears
  2 orc warriors (D:7)
  2 sky beasts (D:7)
  3 ogres
  A centaur (D:5)
  A phantom (D:6)
  2 kobold brigands (D:7)
  A gnoll sergeant (D:7)
  3 bullfrogs
  2 necrophages
  5 scorpions
  7 wights
  A killer bee (D:7)
  2 jellies (D:5)
  5 hounds
  A gnoll bouda (D:7)
  7 orc priests
  9 orc wizards
  5 iguanas
  12 gnolls
  8 adders
  A river rat (D:3)
  2 shadow imps
  2 white imps
  2 ufetubi
  3 worms
  A dart slug (D:1)
  18 orcs
  5 ball pythons
  An endoplasm (D:4)
  2 giant cockroaches
  7 goblins
  3 hobgoblins
  3 jackals
  9 kobolds
  4 quokkas
  4 bats
  2 frilled lizards
  7 rats
162 creatures vanquished.

Vanquished Creatures (others)
  A wizard (D:6)
1 creature vanquished.

Grand Total: 163 creatures vanquished

Notes
Turn   | Place    | Note
-------+----------+-------------------------------------------
     0 | D:1      | hbarley the Hill Orc Fighter began the quest for the Orb.
     0 | D:1      | Reached XP level 1. HP: 19/19 MP: 1/1
   107 | D:1      | Reached XP level 2. HP: 22/27 MP: 2/2
   226 | D:1      | Found Kom Guo's Magic Scroll Shoppe.
   234 | D:1      | Bought a scroll of identify for 26 gold pieces
   328 | D:1      | Reached skill level 3 in Axes
   402 | D:1      | Reached XP level 3. HP: 33/33 MP: 3/3
   464 | D:1      | Found a faded altar of an unknown god.
  1212 | D:2      | Found a snail-covered altar of Cheibriados.
  1598 | D:3      | Found a burning altar of Makhleb.
  1605 | D:3      | Identified the +1 robe of Rotten Happiness {rC+ rCorr MP+9}
  2129 | D:3      | Reached XP level 4. HP: 37/40 MP: 4/4
  2161 | D:3      | Reached skill level 4 in Axes
  2161 | D:3      | Found a glowing drain.
  2498 | D:3      | Found a broken altar of Ashenzari.
  2509 | D:3      | Reached XP level 5. HP: 45/46 MP: 5/5
  2846 | D:4      | Found a staircase to the Ecumenical Temple.
  2856 | Temple   | Entered the Ecumenical Temple
  2864 | Temple   | Became a worshipper of Uskayaw the Reveller
  2924 | D:4      | Noticed a black bear
  2932 | D:4      | Reached * piety under Uskayaw
  2934 | D:4      | Reached ** piety under Uskayaw
  2935 | D:4      | Killed a black bear
  2936 | D:4      | Reached skill level 5 in Axes
  2936 | D:4      | Reached skill level 1 in Dodging
  2936 | D:4      | Reached XP level 6. HP: 53/53 MP: 6/6
  3496 | D:5      | Entered Level 5 of the Dungeon
  3657 | D:5      | Reached skill level 1 in Stealth
  3723 | D:5      | Reached *** piety under Uskayaw
  3724 | D:5      | Reached skill level 6 in Axes
  3862 | D:5      | Reached skill level 5 in Armour
  3907 | D:5      | Reached XP level 7. HP: 60/60 MP: 7/7
  4128 | D:5      | Reached skill level 5 in Fighting
  4128 | D:5      | Reached skill level 7 in Axes
  4335 | D:5      | Reached XP level 8. HP: 68/68 MP: 8/8
  4400 | D:5      | Reached skill level 8 in Axes
  4760 | D:5      | Reached skill level 9 in Axes
  5050 | D:6      | Reached **** piety under Uskayaw
  5052 | D:6      | Reached ***** piety under Uskayaw
  5327 | D:6      | Reached skill level 10 in Axes
  5327 | D:6      | Reached XP level 9. HP: 35/75 MP: 9/9
  5997 | D:6      | Identified the +5 whip of Hemnaate {flame, rPois Will+}
  6142 | D:6      | Found a bloodstained altar of Trog.
  6144 | D:6      | Noticed a wizard
  6149 | D:6      | Killed a wizard
  6613 | D:7      | Reached skill level 5 in Shields
  6893 | D:7      | Reached skill level 11 in Axes
  7665 | D:7      | Reached XP level 10. HP: 60/86 MP: 10/10
  7852 | D:7      | Found a sacrificial altar of Ru.
  8461 | D:8      | Noticed a two-headed ogre
  8574 | D:7      | HP: 1/86 [two-headed ogre/+0 giant spiked club (19)]
  8574 | D:7      | Slain by a two-headed ogre

Illustrated notes

Levels and vault maps discovered:
D:1:      minmay_arrival_split_and_join, layout_basic, serial_glass,
          glass_columns_a, glass_columns_c, glass_columns_b, glass_columns_a,
          glass_columns_a, glass_columns_b, glass_columns_a, glass_columns_b,
          glass_columns_a, glass_columns_a, glass_columns_b, glass_columns_a,
          glass_columns_a, glass_columns_b, feat_on_display, item_on_display_a,
          due_unseen_surprise, chequers_ecumenical_altar_twisty, serial_shops,
          shop, minmay_strange_pillars, minmay_cut_off
D:2:      layout_basic, basic_altar
D:3:      layout_basic, bloody_makhleb, cheibrodos_ashenzari_chains,
          lightli_sewer_entry_pipes, cheibrodos_gnoll_hut
D:4:      layout_gridville, minmay_temple_entry_wispy
D:5:      minmay_opposing_rooms, layout_loops_ring
D:6:      layout_loops_ring, trog_wizard
D:7:      layout_gridville, nicolae_ru_great_annihilating_truth,
          minmay_chambers_of_fives
D:8:      layout_gridville, fedhas_altar_2, david_lair_shrubbed
Temple:   nicolae_temple_x_marks_the_god

Skill      XL: |  1  2  3  4  5  6  7  8  9 |
---------------+----------------------------+-----
Fighting       | 4 5 6 7 |  7.4
Axes           | 3 4 5 6 7 10 11 | 11.5
Armour         | 4 5 7 |  7.9
Dodging        | 1 2 |  2.7
Stealth        | 1 2 4 |  4.4
Shields        | 4 5 |  5.6
Evocations     | |  0.3

Action                   |  1- 3 |  4- 6 |  7- 9 | 10-12 || total
-------------------------+-------+-------+-------+-------++-------
Melee: War axe           |    94 |    72 |   143 |       ||   309
       Hand axe          |       |       |   169 |    57 ||   226
Evoke: Wand              |       |     3 |       |       ||     3
  Use: Scroll            |       |       |     4 |       ||     4
       Potion            |       |       |     2 |       ||     2
 Stab: Paralysed         |       |     6 |    19 |     2 ||    27
       Invisible         |       |       |       |     1 ||     1
Armor: Scale mail        |    45 |    28 |   127 |    28 ||   228
Dodge: Dodged            |    48 |    21 |   122 |    11 ||   202
Block: Buckler           |    25 |    20 |    73 |    10 ||   128
